 Dungeon Crawl Stone Soup version 0.21.2 (webtiles) character file.

8 tidbits the Fighter (level 2, 5/33 HPs)
             Began as a Gnoll Wanderer on Jan 16, 2019.
             Quit the game on level 2 of the Dungeon.
             The game lasted 00:01:42 (113 turns).

tidbits the Fighter (Gnoll Wanderer)                 Turns: 113, Time: 00:01:43

Health: 5/33       AC:  2    Str: 15    XL:     2   Next: 8%
Magic:  2/2        EV:  8    Int: 15    God:
Gold:   0          SH:  8    Dex: 12    Spells: 1/1 levels left

rFire    . . .     SeeInvis .   a - +0 mace
rCold    . . .     Gourm    .   D - +0 shield
rNeg     . . .     Faith    .   B - +0 robe
rPois    .         Spirit   .   (no helmet)
rElec    .         Reflect  .   (no cloak)
rCorr    .         Harm     .   (no gloves)
MR       .....                  (no boots)
Stlth    ++........             (no amulet)
HPRegen  0.11/turn              (no ring)
MPRegen  0.08/turn              (no ring)

@: lethally poisoned (5 -> -2)
A: distributed training, fangs 1, strong nose
a: no special abilities


You were on level 2 of the Dungeon.
You were full.

You visited 1 branch of the dungeon, and saw 2 of its levels.

Inventory:

Hand Weapons
 a - a +0 mace (weapon)
Armour
 B - a +0 robe (worn)
 D - a +0 shield (worn)
Scrolls
 c - 2 scrolls of identify {unknown}
Books
 b - Kalaf's Catalogue of Changing

   Spells                             Type                      Level
   a - Passwall                       Transmutation/Earth          2
   b - Sticks to Snakes               Transmutation                2
Comestibles
 f - 2 rations


   Skills:
 + Level 8.4 Fighting
 + Level 0.2 Short Blades
 + Level 0.2 Long Blades
 + Level 0.2 Axes
 + Level 2.4 Maces & Flails
 + Level 0.2 Polearms
 + Level 0.2 Staves
 + Level 0.2 Slings
 + Level 0.2 Bows
 + Level 0.2 Crossbows
 + Level 0.2 Throwing
 + Level 0.2 Armour
 + Level 0.2 Dodging
 + Level 2.2 Stealth
 + Level 2.4 Shields
 + Level 0.2 Unarmed Combat
 + Level 0.2 Spellcasting
 + Level 0.1 Conjurations
 + Level 0.1 Hexes
 + Level 0.1 Charms
 + Level 0.1 Summonings
 + Level 0.1 Necromancy
 + Level 0.1 Translocations
 + Level 5.3 Transmutations
 + Level 0.1 Fire Magic
 + Level 0.1 Ice Magic
 + Level 0.1 Air Magic
 + Level 0.1 Earth Magic
 + Level 0.1 Poison Magic
 + Level 0.3 Invocations
 + Level 0.2 Evocations


You had one spell level left.
You didn't know any spells.

Dungeon Overview and Level Annotations

Branches:
Dungeon (2/15)

Altars:


Innate Abilities, Weirdness & Mutations

Your experience applies equally to all skills.
You have very sharp teeth.
Your uncanny sense of smell can sniff out nearby items.


Message History

You kill the bat!
You have reached level 2!
Okay, then.
You see here a bat corpse.
Unknown command.
There is an open door here.
Things that are here:
a club x2
You see here 2 scrolls labeled QUHUHO WIUV.
c - 2 scrolls labeled QUHUHO WIUV You open the door.
Unknown command.
A bat comes into view.
There is an open door here.
Unknown command.
Found a ration.
The bat hits you.
Unknown command.
You hit the bat.
The bat is severely wounded.
The bat barely misses you. The bat hits you but does no damage.
You block the bat's attack. You block the bat's attack.
You hit the bat.
You kill the bat!
You see here a ration.
You eat the ration.
That ration really hit the spot!
There is an open door here.
There is a stone staircase leading down here.
You climb downwards.
Found 10 gold pieces.
Found a stone staircase leading up.
There is a stone staircase leading up here.
A bat comes into view.
Found a scroll labeled QUHUHO WIUV.
You block the bat's attack. The bat closely misses you.
There is a stone staircase leading up here.
Unknown command.
You closely miss the bat. The bat completely misses you. The bat hits you.
You block the bat's attack. The bat closely misses you.
You climb upwards.
There is a stone staircase leading down here.
Unknown command.
Unknown command.
You climb downwards.
The bat hits you but does no damage.
There is a stone staircase leading up here.
Unknown command.
You sock the bat!
You kill the bat!
An adder comes into view.
The adder hisses angrily.
Unknown command.
Unknown command.
There is a stone staircase leading up here.
Found a ration.
Unknown command.
You see here a ration.
f - 2 rations (gained 1)
You hit the adder.
The adder is lightly wounded.
The adder bites you.
You hit the adder but do no damage. You bite the adder.
The adder is moderately wounded.
The adder bites you. x2
You are poisoned.
The adder poisons you!
You hit the adder. Your bite misses the adder.
The adder is severely wounded.
You feel sick. The adder bites you.
* * * LOW HITPOINT WARNING * * *
The adder barely misses you.
You miss the adder. Your bite misses the adder.
The adder is severely wounded.
You feel sick. The adder barely misses you. You block the adder's attack.
Your shield prevents you from hitting the adder.
You bite the adder, but do no damage.
The adder is severely wounded.
You block the adder's attack.
You hit the adder but do no damage.
The adder is severely wounded.
You feel sick. You block the adder's attack. The adder barely misses you.
Your shield prevents you from hitting the adder.
The adder is severely wounded.
The adder barely misses you. You block the adder's attack.
You miss the adder.
The adder is severely wounded.
You block the adder's attack. The adder closely misses you.
You closely miss the adder. Your bite misses the adder.
The adder is severely wounded.
You feel sick. The adder bites you.
* * * LOW HITPOINT WARNING * * *
You are lethally poisoned!
The adder poisons you! The adder closely misses you.
You completely miss the adder.
The adder is severely wounded.
* * * LOW HITPOINT WARNING * * *
You feel sick. You block the adder's attack.
You aren't carrying any potions.
Unknown command.
Are you sure you want to abandon this character and quit the game? (Confirm with "yes".)

.........####.#
.........#..#.#
.........#..#.#
.........#..#.#
.........#...<# ∆
.........#..#######
........S.<†....?..
......$.###.######.
........#@S.#
........#.###
#######.#.. #.####
#.# #.# #.#


You could see an adder.

Vanquished Creatures
  A leopard gecko (D:1)
  3 bats
  A goblin (D:1)
  A hobgoblin (D:1)
  A kobold (D:1)
7 creatures vanquished.

Notes
Turn   | Place    | Note
-------+----------+-------------------------------------------
     0 | D:1      | tidbits the Gnoll Wanderer began the quest for the Orb.
     0 | D:1      | tidbits set off with: a +0 shield, Kalaf's Catalogue of Changing, a +0 mace, a +0 robe, a ration
     0 | D:1      | Reached XP level 1. HP: 26/26 MP: 1/1
     0 | D:1      | Identified Kalaf's Catalogue of Changing
    55 | D:1      | Reached XP level 2. HP: 20/33 MP: 2/2
   111 | D:2      | HP: 6/33 [adder (3)]
   113 | D:2      | Quit the game

Action                   || total
-------------------------++-------
Melee: Mace              ||    33
       Bite              ||     2
  Eat: Ration            ||     1
Armor: Robe              ||     8
Dodge: Dodged            ||    15
Block: Shield            ||    16

Table legend:
 A = Turns spent in this place as a percentage of turns spent in the entire game.
 B = Non-inter-level travel turns spent in this place as a percentage of non-inter-level travel turns spent in the entire game.
 C = Inter-level travel turns spent in this place as a percentage of turns spent in this place.
 D = Turns resting spent in this place as a percentage of non-inter-level travel turns spent in this place.
 E = Turns spent auto-exploring this place as a percentage of non-inter-level travel turns spent in this place.
 F = Non-inter-level travel turns spent in this place divided by the number of levels of this place that you've seen.
                   A       B       C       D       E      F
               +-------+-------+-------+-------+-------+----------------------
         Total | 100.0 | 100.0 |   0.0 |   0.0 |   0.0 |  56.5
       Dungeon | 100.0 | 100.0 |   0.0 |   0.0 |   0.0 |  56.5
               +-------+-------+-------+-------+-------+----------------------

Table legend:
 A = Kills in this place as a percentage of kills in entire the game.
 B = Kills by you in this place as a percentage of kills by you in the entire game.
 C = Kills by friends in this place as a percentage of kills by friends in the entire game.
 D = Other kills in this place as a percentage of other kills in the entire game.
 E = Experience gained in this place as a percentage of experience gained in the entire game.
 F = Experience gained in this place divided by the number of levels of this place that you have seen.
                   A       B       C       D       E      F
               +-------+-------+-------+-------+-------+----------------------
         Total | 100.0 | 100.0 |   N/A |   N/A | 100.0 |   6.0
       Dungeon | 100.0 | 100.0 |   N/A |   N/A | 100.0 |   6.0
               +-------+-------+-------+-------+-------+----------------------

Vault maps used:
D:1:      evilmike_arrival_crescent
D:2:      overflow_temple_1_default, nicolae_ru_awakened_eye
